 Dungeon Crawl Stone Soup version 0.27-a0-1548-gf8a67e7463 (webtiles) character file.

Game seed: 10637170366076358877

996 ipx the Geomancer (level 7, -4/38 HPs)
             Began as a Deep Elf Earth Elementalist on July 14, 2021.
             Was an Initiate of Sif Muna.
             Slain by a sky beast (5 damage)
             ... on level 6 of the Dungeon.
             The game lasted 00:28:31 (1693 turns).

ipx the Geomancer (Deep Elf Earth Elementalist)     Turns: 1693, Time: 00:28:31

Health: -4/38      AC:  7    Str:  8    XL:     7   Next: 99%
Magic:  4/13       EV: 12    Int: 22    God:    Sif Muna [......]
Gold:   138        SH:  0    Dex: 11    Spells: 0/12 levels left

rFire    . . .     SeeInvis .   c - stone
rCold    . . .     Faith    .   (no shield)
rNeg     . . .     Spirit   .   h - +0 leather armour {Will+}
rPois    .         Reflect  .   (no helmet)
rElec    .         Harm     .   (no cloak)
rCorr    +         Rampage  .   (no gloves)
Will     +....                  (no boots)
Stlth    ++........             (no amulet)
HPRegen  0.12/turn              z - ring "Ulotaem" {rCorr AC+4 Str+3 Dex-4 Slay+5}
MPRegen  0.13/turn              (no ring)

@: no status effects
A: no striking features
a: Renounce Religion


You were on level 6 of the Dungeon.
You worshipped Sif Muna.
Sif Muna was noncommittal.
You visited 2 branches of the dungeon, and saw 8 of its levels.

You collected 138 gold pieces.

Inventory:

Hand Weapons
 a - a +3 whip
Missiles
 c - a stone (in hand)
 i - 3 boomerangs
Armour
 h - a +0 leather armour of willpower (worn)
Jewellery
 z - the ring "Ulotaem" (left hand) {rCorr AC+4 Str+3 Dex-4 Slay+5}
   (You acquired it on level 6 of the Dungeon)

   [ring of protection]

   AC:        It affects your AC (+4).
   Str:       It affects your strength (+3).
   Dex:       It affects your dexterity (-4).
   Slay:      It affects your accuracy & damage with ranged weapons and melee
   (+5).
   rCorr:     It protects you from acid and corrosion.
Scrolls
 f - 2 scrolls of amnesia {unknown}
 j - a scroll of enchant weapon
Potions
 b - a potion of degeneration {unknown}
 d - 2 potions of brilliance
 e - a potion of attraction {unknown}
 g - a potion of haste {unknown}
 k - a potion of lignification {unknown}


   Skills:
 + Level 1.3 Fighting
 + Level 3.4 Dodging
 - Level 2.4 Stealth
 - Level 3.0 Spellcasting
 + Level 5.8 Conjurations
 - Level 2.0 Transmutations
 - Level 8.0 Earth Magic


You couldn't memorise any spells.
You knew the following spells:

 Your Spells              Type           Power      Damage    Failure   Level
r - Stone Arrow           Conj/Erth      66%        3d11      3%          3
t - Petrify               Tmut/Erth      25%        N/A       22%         4
w - Passwall              Tmut/Erth      20%        N/A       3%          2
y - Searing Ray           Conj           56%        3d5       2%          2
z - Sandblast             Erth           76%        2d16      1%          1

Your spell library contained the following spells:

 Spells                   Type           Power      Damage    Failure   Level
 Magic Dart               Conj           100%       1d8       1%          1
 Shock                    Conj/Air       64%        1d7       5%          1
 Static Discharge         Conj/Air       16%        N/A       9%          2
 Pain                     Necr           12%        1d4       19%         1
 Swiftness                Air            3%         N/A       47%         3
 Fulminant Prism          Conj/Hex       8%         3d7       50%         4
 Sticky Flame             Conj/Fire      16%        2d4       50%         4
 Airstrike                Air            1%         N/A       87%         4
 Dispel Undead            Necr           3%         3d7       87%         4
 Agony                    Necr           3%         N/A       99%         5
 Excruciating Wounds      Necr           1%         N/A       99%         5


Dungeon Overview and Level Annotations

Branches:
Dungeon (7/15)             Temple (1/1) D:5

Altars:
Ashenzari
Dithmenos
Kikubaaqudgha
Qazlal
Ru
Sif Muna
The Shining One

Annotations:
D:4 Sigmund
D:6 Dowan, Duvessa


Message History

Dowan is severely wounded.
You finish channeling your searing ray.
Something hits you but does no damage. The phantom hits you.
* * * LOW HITPOINT WARNING * * *
The phantom blinks!
You blink.
Casting: Searing Ray (safe; 2% risk of failure)
Confirm with . or Enter, or press ? or * to list all spells.
Aiming: Searing Ray (safe; 2% risk of failure)
Press: ? - help, Shift-Dir - straight line, f - phantom
Aim: a phantom (severely damaged, 71% to hit)
The searing ray hits the phantom.
The phantom is almost destroyed. (Press . to maintain the ray.)
The phantom misses you.
The searing ray hits the phantom!
You destroy the phantom!
Sif Muna accepts your kill.
Dowan points at you and mumbles some strange words.
The puff of frost hits something!
Something hits you but does no damage. Duvessa misses you.
Dowan generates a fountain of clear water, and laughs cruelly.
Casting: Searing Ray (safe; 2% risk of failure)
Confirm with . or Enter, or press ? or * to list all spells.
Aiming: Passwall (safe; 3% risk of failure)
Press: ? - help, Dir - move target A rock wall.
This rock feels extremely deep.
Something hits you but does no damage. Duvessa misses you.
A sky beast appears from thin air!
Reactivating autopickup.
The sky beast hits you.
* * * LOW HITPOINT WARNING * * *
The sky beast shocks you.
* * * LOW HITPOINT WARNING * * *
Dowan hits you but does no damage.
Dowan casts a spell.
Dowan blinks!
The sky beast hits you.
* * * LOW HITPOINT WARNING * * *
The sky beast shocks you.
You die...

... #...######.......
##...
...##...##..##..###.#
....
.........##..##...>#..
#...
#...#............#....
. ... ###
#................. ..
..##
#................. ...
W.# #.................
...e #.##
#.#####...........
.8... #.§# #@#
########....
......##..######Y##
##...
...8...'.......§§e#
########...
......##..........#
........... .8...
##.........#
.......)..# ....
#.######### ##......#
... #.# #......# ..
#.# #......# . ...
#......#


You could see Duvessa and a sky beast.

Vanquished Creatures
  A necrophage (D:5)
  An ogre (D:5)
  2 phantoms (D:6)
  2 bullfrogs
  4 scorpions
  A water moccasin zombie (D:5)
  A bullfrog zombie (D:5)
  A hound (D:5)
  A bullfrog skeleton (D:6)
  An iguana (D:3)
  A hound zombie (D:5)
  A hound skeleton (D:5)
  3 adders
  2 gnolls (D:7)
  3 ufetubi
  A worm (D:2)
  2 dart slugs
  10 orcs
  3 endoplasms
  3 giant cockroaches (D:3)
  5 goblins
  2 hobgoblins
  2 kobolds
  A quokka (D:4)
  4 ball pythons
  A frilled lizard (D:2)
  A rat (D:2)
60 creatures vanquished.

Notes
Turn   | Place    | Note
-------+----------+-------------------------------------------
     0 | D:1      | ipx the Deep Elf Earth Elementalist began the quest for the
                  | Orb.
     0 | D:1      | Reached XP level 1. HP: 10/10 MP: 6/6
   112 | D:1      | Reached XP level 2. HP: 12/15 MP: 6/8
   113 | D:1      | Reached skill level 4 in Earth Magic
   116 | D:1      | Learned a level 2 spell: Passwall
   308 | D:2      | You fall into a shaft and drop 2 floors!
   310 | D:4      | Reached XP level 3. HP: 19/19 MP: 7/9
   314 | D:4      | Learned a level 3 spell: Stone Arrow
   324 | D:4      | Noticed a yak
   331 | D:4      | Noticed a yak
   335 | D:4      | Noticed a yak
   358 | D:3      | Reached skill level 1 in Conjurations
   387 | D:2      | Reached XP level 4. HP: 14/24 MP: 7/10
   792 | D:4      | Noticed Sigmund
   900 | D:5      | Entered Level 5 of the Dungeon
   900 | D:5      | Noticed a scorpion
   903 | D:5      | Killed a scorpion
   904 | D:5      | Reached skill level 5 in Earth Magic
   904 | D:5      | Reached XP level 5. HP: 18/28 MP: 2/11
  1010 | D:5      | Learned a level 4 spell: Petrify
  1014 | D:5      | Found a staircase to the Ecumenical Temple.
  1014 | D:5      | Noticed an ogre
  1016 | D:5      | Killed an ogre
  1017 | D:5      | Reached skill level 6 in Earth Magic
  1017 | D:5      | Reached XP level 6. HP: 16/32 MP: 2/12
  1023 | Temple   | Entered the Ecumenical Temple
  1030 | Temple   | Became a worshipper of Sif Muna the Loreminder
  1113 | D:5      | Reached skill level 7 in Earth Magic
  1145 | D:5      | Reached XP level 7. HP: 18/36 MP: 1/13
  1148 | D:5      | Learned a level 2 spell: Searing Ray
  1327 | D:6      | Identified a scroll of acquirement
  1329 | D:6      | Acquired the ring "Ulotaem" {rCorr AC+4 Str+3 Dex-4 Slay+5}
  1428 | D:6      | Reached skill level 5 in Conjurations
  1428 | D:6      | Reached skill level 8 in Earth Magic
  1544 | D:7      | Reached skill level 1 in Fighting
  1576 | D:7      | HP: 1/38 [gnoll sergeant (9)]
  1675 | D:6      | Noticed Duvessa
  1680 | D:6      | Noticed Dowan
  1693 | D:6      | HP: 1/38 [sky beast (3)]
  1693 | D:6      | Slain by a sky beast

Illustrated notes

Levels and vault maps discovered:
D:1:      scummos_arrival_simple_crosswalls, layout_basic,
          hellmonk_ecumenical_altar_crossroads, minivault_11
D:2:      wad_crossroads, layout_basic, minivault_25
D:3:      layout_basic
D:4:      layout_layer_cave, uniq_sigmund
D:5:      layout_layer_cave, minmay_temple_entry_tees
D:6:      layout_basic, minmay_overflow_temple_star_hex,
          hangedman_decor_growths, uniq_duvessa, uniq_menkaure,
          uniq_crazy_yiuf_cottage, uniq_pikel
D:7:      layout_loops_cross, hellmonk_ghost_happy_afterlife, uniq_harold
Temple:   eino_temple_rhombus

Skill      XL: |  1  2  3  4  5  6  7 |
---------------+----------------------+-----
Earth Magic    | 4 5 6 7 8 |  8.0
Transmutations | 2 |  2.0
Conjurations   | 1 3 4 5 |  5.8
Fighting       | 1 |  1.3
Dodging        | 3 |  3.4
Stealth        | |  2.4
Spellcasting   | |  3.0

Action                   |  1- 3 |  4- 6 |  7- 9 || total
-------------------------+-------+-------+-------++-------
Melee: Whip              |     5 |    13 |    24 ||    42
 Cast: Sandblast         |    19 |    48 |     8 ||    75
       Stone Arrow       |       |     5 |     4 ||     9
       Searing Ray       |       |       |    12 ||    12
       Passwall          |       |       |     1 ||     1
  Use: Scroll            |     1 |       |     5 ||     6
       Potion            |       |       |     1 ||     1
 Stab: Sleeping          |       |     2 |       ||     2
Armor: Robe              |     1 |       |       ||     1
       Leather armour    |       |     9 |    13 ||    22
Dodge: Dodged            |     2 |    15 |    32 ||    49

Table legend: (Time is in decaauts)
 A = Elapsed time spent in this place.
 B = Non-inter-level travel time spent in this place.
 C = Inter-level travel time spent in this place.
 D = Time resting spent in this place.
 E = Time spent auto-exploring this place.
 F = Levels seen in this place.
 G = Mean time per level.
                   A        B        C        D        E       F      G
               +--------+--------+--------+--------+--------+-----+--------+
         Total |   1810 |   1797 |     13 |      0 |      0 |   8 |  226.2 |
       Dungeon |   1791 |   1778 |     13 |      0 |      0 |   7 |  255.9 |
        Temple |     18 |     18 |      0 |      0 |      0 |   1 |   18.0 |
               +--------+--------+--------+--------+--------+-----+--------+

Top non-repeatable levels by time:
     D:5: 454 daAuts
     D:6: 386 daAuts
     D:3: 330 daAuts
     D:2: 203 daAuts
     D:4: 193 daAuts
     D:1: 176 daAuts
     D:7: 45 daAuts
  Temple: 18 daAuts
